 Dungeon Crawl Stone Soup version 0.31-a0-963-ga325b2283a (webtiles) character file.

Game seed: 4822338457173122508

236430 GloriousHammer the Peltast (level 19, -7/134 HPs)
             Began as a Gnoll Wanderer on Oct 19, 2023.
             Was an Initiate of Gozag.
             Mangled by a dire elephant (32 damage)
             ... on level 1 of the Vaults on Oct 25, 2023.
             The game lasted 03:20:27 (57020 turns).

GloriousHammer the Peltast (Gnoll Wanderer)        Turns: 57020, Time: 03:20:28

Health: -7/134     AC: 20    Str: 12 (13) XL:     19   Next: 20%
Magic:  33/36      EV: 25    Int: 14 (18) God:    Gozag
Gold:   1686       SH: 23    Dex: 23 (25) Spells: 10/44 levels left

rFire   + + .        j - +4 demon blade (flame)
rCold   + + .        J - +1 tower shield
rNeg    + . .        L - +4 scale mail "Biymusua" {Str+4}
rPois   +            b - -2 hat of the Alchemist {rElec rPois rF+ rC+ rN+ Will+ rMut rCorr}
rElec   +            V - +1 cloak of Starlight {*Dazzle EV+4 Stlth--}
rCorr   +            x - +1 pair of gloves "Rurphoja" {rC+ Dex+2}
SInv    .            s - +2 pair of boots {Fly}
Will    ++...        t - amulet of magic regeneration
Stlth   ++           E - +5 ring of evasion
HPRegen 0.42/turn    g - ring of Johucvics {Contam rPois rF+ rCorr Dex+7}
MPRegen 0.65/turn

%: resist mutation
@: swift, gold aura, flying, very quick
A: fangs 1, strong nose, distributed training, frail 1
}: 2/15 runes: decaying, gossamer
a: Renounce Religion, Potion Petition, Call Merchant, Bribe Branch


You were on level 1 of the Vaults.
You worshipped Gozag.
Gozag was most pleased with you.
You visited 7 branches of the dungeon, and saw 32 of its levels.
You visited the Abyss 2 times.
You also visited: Sewer.

You collected 11631 gold pieces.
You spent 5864 gold pieces at shops.
You paid 4081 gold pieces to Gozag.

Inventory:

Hand Weapons
 j - a +4 demon blade of flaming (weapon)
Missiles
 k - 21 poisoned darts (quivered)
 q - 4 atropa-tipped darts
 G - 5 throwing nets
 H - 6 javelins
 M - 10 curare-tipped darts
 O - 24 boomerangs
Armour
 b - the -2 hat of the Alchemist (worn) {rElec rPois rF+ rC+ rN+ Will+ rMut rCorr}
   (You found it on level 3 of the Swamp)

   rF+:       It protects you from fire.
   rC+:       It protects you from cold.
   rElec:     It insulates you from electricity.
   rPois:     It protects you from poison rN+: It protects you from negative
   energy.
   Will+:     It increases your willpower.
   rCorr:     It protects you from acid and corrosion.
   rMut:      It protects you from mutation.
 s - a +2 pair of boots of flying (worn)
 x - the +1 pair of gloves "Rurphoja" (worn) {rC+ Dex+2}
   (You found it on level 3 of the Dungeon)

   Dex+2:     It affects your dexterity (+2).
   rC+:       It protects you from cold.
 J - a +1 tower shield (worn)
 L - the +4 scale mail "Biymusua" (worn) {Str+4}
   (You found it on level 7 of the Dungeon)

   Str+4:     It affects your strength (+4).
 V - the +1 cloak of Starlight (worn) {*Dazzle EV+4 Stlth--}
   (You found it on level 13 of the Dungeon)

   *Dazzle:   It may blind those who miss an attack against the wearer in melee
   combat.
   EV+4:      It affects your evasion (+4).
   Stlth--:   It makes you much less stealthy.
Jewellery
 g - the ring of Johucvics (right hand) {Contam rPois rF+ rCorr Dex+7}
   (You bought it in a shop on level 2 of the Orcish Mines)

   [ring of protection from fire]

   Dex+7:     It affects your dexterity (+7).
   rF+:       It protects you from fire.
   rPois:     It protects you from poison Contam: It causes magical
   contamination when unequipped.
   rCorr:     It protects you from acid and corrosion.
 t - an amulet of magic regeneration (around neck)
 E - a +5 ring of evasion (left hand)
 F - a ring of protection from fire
 N - a ring of positive energy
 T - a +6 ring of intelligence
 W - a ring of willpower
 X - the ring of the Six Jumping Seers {Ice *Slow rElec Int+3 Dex+3}
   (You found it on level 13 of the Dungeon)

   [ring of ice]

   Ice:       It enhances your ice magic.
   Int+3:     It affects your intelligence (+3).
   Dex+3:     It affects your dexterity (+3).
   rF-:       It makes you vulnerable to fire.
   rC+:       It protects you from cold.
   rElec:     It insulates you from electricity.
   *Slow:     It may slow you when you take damage.
Wands
 d - a wand of polymorph (6)
 m - a wand of iceblast (12)
 D - a wand of paralysis (7)
 R - a wand of quicksilver (12)
 S - a wand of flame (16)
Scrolls
 c - 5 scrolls of fear
 f - 8 scrolls of noise
 n - 3 scrolls of teleportation
 o - 5 scrolls of vulnerability
 r - 4 scrolls of amnesia
 u - a scroll of torment
 w - 5 scrolls of fog
 y - a scroll of immolation
 A - 2 scrolls of revelation
 I - 10 scrolls of identify
 P - 2 scrolls of blinking
 Q - a scroll of poison
Potions
 a - a potion of haste
 e - 2 potions of resistance
 h - 5 potions of enlightenment
 i - 7 potions of brilliance
 l - 2 potions of might
 p - 3 potions of attraction
 v - a potion of heal wounds
 z - 5 potions of curing
 B - a potion of cancellation
 C - 3 potions of ambrosia
 K - 6 potions of magic
 U - 4 potions of mutation
 Y - 2 potions of lignification
Miscellaneous
 Z - a condenser vane


   Skills:
 + Level 13.1 Fighting
 + Level 13.1 Short Blades
 + Level 13.1 Long Blades
 + Level 13.1 Axes
 + Level 13.1 Maces & Flails
 + Level 13.1 Polearms
 + Level 13.1 Staves
 + Level 13.1 Ranged Weapons
 + Level 13.4 Throwing
 + Level 13.4 Armour
 + Level 13.8 Dodging
 + Level 13.1 Stealth
 + Level 16.4 Shields
 + Level 13.1 Unarmed Combat
 + Level 13.4 Spellcasting
 + Level 11.1 Conjurations
 + Level 11.1 Hexes
 + Level 11.1 Summonings
 + Level 11.1 Necromancy
 + Level 11.1 Translocations
 + Level 11.1 Transmutations
 + Level 11.1 Fire Magic
 + Level 11.1 Ice Magic
 + Level 11.1 Air Magic
 + Level 11.1 Earth Magic
 + Level 11.1 Poison Magic
 + Level 14.2 Invocations
 + Level 13.1 Evocations
 + Level 12.1 Shapeshifting


You had 10 spell levels left.
You knew the following spells:

 Your Spells              Type           Power      Damage    Failure   Level
a - Blink                 Tloc           80%        N/A       1%          2
b - Lesser Beckoning      Tloc           80%        N/A       1%          2
c - Swiftness             Air            40%        N/A       2%          3
d - Frozen Ramparts       Ice            80%        1d13      2%          3
e - Dazzling Flash        Conj/Hex       80%        N/A       2%          3
f - Hailstorm             Conj/Ice       40%        3d10      2%          3
g - Stone Arrow           Conj/Erth      80%        3d12      2%          3
h - Animate Armour        Summ/Erth      80%        N/A       10%         4
i - Dispel Undead         Necr           40%        3d16      10%         4
j - Iskenderun's Mystic   Conj/Tloc      40%        2d9       10%         4
k - Ozocubu's Armour      Ice            40%        N/A       2%          3

Your spell library contained the following spells:

 Spells                   Type           Power      Damage    Failure   Level
 Apportation              Tloc           80%        N/A       1%          1
 Freeze                   Ice            100%       1d10      1%          1
 Necrotise                Necr           100%       1d9       1%          1
 Summon Small Mammal      Summ           100%       N/A       1%          1
 Cigotuvi's Dreadful Rot  Necr/Pois/Air  80%        N/A       1%          2
 Momentum Strike          Conj/Tloc      80%        3d10      1%          2
 Gell's Gravitas          Tloc           40%        N/A       2%          3
 Teleport Other           Tloc           40%        N/A       2%          3
 Tukima's Dance           Hex            40%        N/A       2%          3
 Dimensional Bullseye     Hex/Tloc       20%        N/A       10%         4
 Manifold Assault         Tloc           40%        N/A       10%         4
 Agony                    Necr           40%        N/A       26%         5
 Metabolic Englaciation   Hex/Ice        20%        N/A       26%         5
 Silence                  Hex/Air        20%        N/A       26%         5
 Summon Forest            Summ/Tloc      20%        N/A       26%         5
 Death Channel            Necr           20%        N/A       82%         6
 Dispersal                Tloc           20%        N/A       82%         6
 Eringya's Noxious Bog    Tmut/Pois      20%        4d6       82%         6
 Ozocubu's Refrigeration  Ice            20%        4d11      100%        7
 Summon Hydra             Summ           20%        N/A       100%        7
 Lehudib's Crystal Spear  Conj/Erth      20%        10d6      100%        8
 Simulacrum               Ice/Necr       Unusable   N/A       N/A         6

Dungeon Overview and Level Annotations

Branches:
Dungeon (15/15)            Temple (1/1) D:7            Lair (5/5) D:11
  Swamp (4/4) Lair:2       Spider (4/4) Lair:3        Slime (0/5) Lair:5
    Orc (2/2) D:10            Elf (0/3) Orc:2        Vaults (1/5) D:14
 Depths (0/4) D:15          Sewer (visited)

Altars:
Ashenzari
Cheibriados
Dithmenos
Elyvilon
Fedhas
Gozag
Hepliaklqana
Kikubaaqudgha
Makhleb
Nemelex Xobeh
Okawaru
Qazlal
Ru
Sif Muna
Trog
Uskayaw
Vehumet
Wu Jian
Xom
Yredelemnul
Zin
The Shining One
Jiyva

Shops:
D:1 *(   D:4 !   D:6 :   D:10 =*   D:15 =   Orc:1 ?[(:   Orc:2 =[(!   Lair:3 *[

Portals:
Hell: Lair:5

Annotations:
D:8 exclusion: downstairs
D:9 exclusion: downstairs
D:12 3 runed translucent doors, math4jedi's ghost, journeyman MiFi
D:13 exclusion: downstairs
D:14 buried items
Spider:3 exclusion: 2 downstairs


Innate Abilities, Weirdness & Mutations

You have very sharp teeth.
Your uncanny sense of smell can sniff out nearby items.
Your experience applies equally to all skills.
You are frail. (-10% HP)


Message History

The dire elephant completely misses you.
The dire elephant is temporarily struck blind!
You block the dire elephant's attack.
You hit the dire elephant. You burn the dire elephant.
You bite the dire elephant, but do no damage.
The dire elephant is moderately wounded.
You slice the dire elephant!! You burn the dire elephant.
The dire elephant is lightly wounded.
You slash the dire elephant! You burn the dire elephant.
The dire elephant is moderately wounded.
The dire elephant tramples you.
You are shoved backwards!
You block the dire elephant's attack. x2
The dire elephant tramples you but does no damage.
You block the dire elephant's attack.
You slash the dire elephant! You burn the dire elephant.
The dire elephant is moderately wounded.
You block the dire elephant's attack. x2
The dire elephant tramples you.
You hold your ground!
You block the dire elephant's attack.
The dire elephant is no longer blind.
You hit the dire elephant. You burn the dire elephant.
The dire elephant is moderately wounded.
The dire elephant tramples you.
You hold your ground!
You block the dire elephant's attack.
You hit the dire elephant but do no damage.
You bite the dire elephant, but do no damage.
The dire elephant is moderately wounded.
The dire elephant misses you. You block the dire elephant's attack.
You hit the dire elephant. You burn the dire elephant.
The dire elephant is moderately wounded.
The dire elephant closely misses you.
The dire elephant completely misses you.
You block the dire elephant's attack.
The dire elephant completely misses you.
You hit the dire elephant. You burn the dire elephant.
The dire elephant is moderately wounded.
You block the dire elephant's attack. x2; The dire elephant tramples you!!
You hold your ground!
You block the dire elephant's attack. x2
The dire elephant barely misses you.
You hit the dire elephant. You burn the dire elephant.
You bite the dire elephant, but do no damage.
The dire elephant is moderately wounded.
The dire elephant tramples you!
You are shoved backwards!
You hit the dire elephant. You burn the dire elephant.
The dire elephant is moderately wounded.
You block the dire elephant's attack. x2
The dire elephant tramples you but does no damage.
The dire elephant misses you.
The dire elephant attacks as it pursues you!
You block the dire elephant's attack. x2
You barely miss the dire elephant. You bite the dire elephant.
The dire elephant is moderately wounded.
The ironbound convoker casts a spell at the dire elephant.
The dire elephant seems to grow stronger.
You barely miss the dire elephant.
The dire elephant is moderately wounded.
You completely miss the dire elephant.
You bite the dire elephant, but do no damage.
The dire elephant is moderately wounded.
The ironbound convoker points at the dire elephant and mumbles some strange words.
The dire elephant seems to grow stronger.
You slice the dire elephant!! You burn the dire elephant.
The dire elephant is heavily wounded.
The dire elephant tramples you!!
You are shoved backwards!
You slice the dire elephant!! You burn the dire elephant!
The dire elephant is almost dead.
The ironbound convoker gestures at the dire elephant while chanting.
The dire elephant seems to grow stronger.
You hit the dire elephant but do no damage.
The dire elephant is almost dead.
You block the dire elephant's attack. x2
You hit the dire elephant. You burn the dire elephant.
The dire elephant is almost dead.
The dire elephant barely misses you. You block the dire elephant's attack.
The dire elephant tramples you but does no damage.
You block the dire elephant's attack.
Casting: Swiftness (mildly dangerous; 2% risk of failure)
Confirm with . or Enter, or press ? or * to list all spells.
Okay, then.
Aiming: Quicksilver Bolt
Press: ? - help, Shift-Dir - straight line, f - ironbound convoker
Aim: an ironbound convoker, wielding a +0 great mace and wearing a +0 scale mail (79% to hit)
The bolt of dispelling energy hits the dire elephant!!
You kill the dire elephant!
The bolt of dispelling energy hits the ironbound convoker!!!
The ironbound convoker is severely wounded.
The dire elephant tramples you!!
* * * LOW HITPOINT WARNING * * *
You hold your ground!
The dire elephant trunk-slaps you.
* * * LOW HITPOINT WARNING * * *
You block the dire elephant's attack. x2
You block the dire elephant's attack. x2
Casting: Swiftness (mildly dangerous; 2% risk of failure)
Confirm with . or Enter, or press ? or * to list all spells.
You feel quick.
The dire elephant completely misses you.
The dire elephant's vision is obscured by starry radiance!
You block the dire elephant's attack. The dire elephant tramples you!!
You die...
Your body crumbles into a pile of gold.

#################################
.................Y$..............
................@Yp..............
##############+#'###########'####
#......# #...# #.>....# #...#
#......#### #...# ####......#
#....Y #.>....# ....#Y. #......#
....###.. # #########.... p.


You could see 2 dire elephants and an ironbound convoker.

Vanquished Creatures
  2 tentacled starspawn
  A sphinx (Vaults:1)
  Kirke (Swamp:4)
  A storm dragon (D:13)
  Donald (Swamp:1)
  9 emperor scorpions
  6 ghost moths
  3 ghouls (Swamp:1)
  3 orc warlords
  4 very ugly things
  A stone giant (D:15)
  A broodmother (Spider:2)
  2 eleionomae (Swamp:2)
  3 bunyips
  4 spark wasps
  A blizzard demon (Abyss:3)
  2 dire elephants
  2 green deaths (Swamp:4)
  An entropy weaver (shapeshifter) (D:14)
  5 entropy weavers
  A shambling mangrove (Swamp:2)
  A rakshasa (Abyss:3)
  Fannar (D:11)
  Erolcha (Orc:1)
  2 great orbs of eyes
  14 hydras
  A quicksilver dragon skeleton (Abyss:2)
  Harold (Lair:2)
  10 alligators
  2 hell beasts (Swamp:4)
  3 ghost crabs
  An ogre mage (D:15)
  2 catoblepae
  A spriggan air mage (Swamp:3)
  A death knight (D:15)
  5 centaur warriors
  2 jorogumos
  6 radroaches
  4 hell hogs (Abyss:3)
  8 two-headed ogres
  12 boulder beetles
  3 death yaks
  2 tengu warriors (D:15)
  4 demonic crawlers
  An orc high priest (Orc:2)
  6 thrashing horrors (Abyss:2)
  Sonja (D:13)
  A sixfirhy (Lair:5)
  4 skeletal warriors
  3 pharaoh ants
  An arcanist (Lair:5)
  A spatial maelstrom (Abyss:2)
  3 skysharks
  A sun moth (Spider:2)
  A deep troll (D:15)
  An orb spider (Spider:4)
  7 bog bodies
  A spriggan druid (Swamp:1)
  3 orc knights
  6 swamp dragons
  10 large abominations
  8 steelbarb worms
  2 ironbound convokers (Vaults:1)
  A necromancer (Vaults:1)
  A deep elf pyromancer (D:14)
  16 wolf spiders
  3 orc sorcerers
  A moth of wrath (Spider:1)
  4 will-o-the-wisps
  30 ugly things
  4 manticores
  3 cyclopes
  A vault sentinel (Vaults:1)
  5 black mambas
  5 elephants
  4 gargoyles
  3 smoke demons
  8 torpor snails
  11 cane toads
  5 orange demons
  A human zombie (Vaults:1)
  Maggie (D:9)
  3 efreet
  An unseen horror (D:10)
  A freezing wraith (D:15)
  5 rime drakes
  12 komodo dragons
  A yaktaur (D:13)
  An ancient zyme (Abyss:3)
  A silent spectre (Abyss:2)
  A yaktaur skeleton (Vaults:1)
  4 red devils (Lair:5)
  2 trolls (shapeshifter) (D:13)
  A hellwing (Lair:5)
  12 trolls
  3 polar bears
  22 tarantellas
  9 meliai
  7 hornets
  3 hornets (shapeshifter) (D:14)
  A raiju (Abyss:3)
  11 tyrant leeches
  6 dream sheep (Lair:3)
  10 blink frogs
  13 slime creatures
  2 shadows
  33 culicivoras
  24 jumping spiders
  2 spriggans
  6 wyverns
  A water elemental (D:11)
  A vampire (D:11)
  30 yaks
  A yak (shapeshifter) (D:15)
  A neqoxec (Abyss:2)
  2 fire bats (Abyss:2)
  A wraith (D:11)
  2 basilisks
  83 redbacks
  3 starcursed masses (Abyss:3)
  A glowing shapeshifter zombie (Vaults:1)
  2 chaos spawn
  4 vampire mosquitoes
  Edmund (D:4)
  6 wargs
  11 swamp worms
  11 water moccasins
  5 hell hounds (Lair:5)
  3 acid dragons
  32 orc warriors
  3 swamp drakes
  A black bear (D:5)
  4 ice beasts
  13 wolves
  2 centaurs
  11 ogres
  6 kobold brigands
  8 bullfrogs
  2 gnoll sergeants
  2 human skeletons (Vaults:1)
  A necrophage (Swamp:1)
  6 scorpions
  5 small abominations
  5 wights (D:9)
  6 jellies
  11 killer bees
  2 howler monkeys
  8 electric eels
  A quasit (Abyss:2)
  20 orc priests
  7 hounds
  2 gnoll boudas
  An iron imp (Abyss:2)
  24 orc wizards
  A sleepcap (D:7)
  3 iguanas
  A nameless horror (D:15)
  9 adders
  25 gnolls
  2 river rats (D:3)
  A shadow imp (D:6)
  A white imp (Abyss:2)
  6 ufetubi
  4 worms
  3 dart slugs
  91 orcs
  13 ball pythons
  4 bats
  16 endoplasms
  9 giant cockroaches
  2 goblins
  2 hobgoblins
  7 jackals
  26 kobolds
  8 quokkas
  9 frilled lizards
  3 rats
  A butterfly (Lair:4)
1105 creatures vanquished.

Vanquished Creatures (collateral kills)
  Agnes (D:14)
  A hydra (Swamp:4)
  An ugly thing (D:14)
  An orc wizard (D:14)
4 creatures vanquished.

Vanquished Creatures (others)
  2 spriggan druids
  An occultist (D:15)
  A torpor snail (Spider:2)
  An unseen horror (D:13)
  A tarantella (Spider:2)
  2 humans (Swamp:4)
  A neqoxec (Abyss:3)
  26 foxfires
  A lurking horror (Abyss:2)
  16 starspawn tentacles
52 creatures vanquished.

Grand Total: 1161 creatures vanquished

Notes
Turn   | Place    | Note
-------+----------+-------------------------------------------
     0 | D:1      | Reached skill level 10 in Shields
     0 | D:1      | GloriousHammer the Gnoll Wanderer began the quest for the
                  | Orb.
     0 | D:1      | GloriousHammer set off with the following items: a +0
                  | dagger, a +0 helmet, a scroll of fear, a +0 robe, a +2
                  | buckler.
     0 | D:1      | Reached XP level 1. HP: 13/13 MP: 4/4
    44 | D:1      | Found Tasty's General Store.
   304 | D:1      | Found Gaq Uck's Antique Weapon Shoppe.
   490 | D:1      | Reached XP level 2. HP: 18/20 MP: 5/5
   969 | D:2      | Reached XP level 3. HP: 20/25 MP: 7/7
  1083 | D:2      | Reached skill level 1 in Invocations
  1134 | D:2      | Found a shimmering altar of Xom.
  1310 | D:2      | Reached skill level 1 in Fighting
  1310 | D:2      | Reached skill level 1 in Short Blades
  1310 | D:2      | Reached skill level 1 in Long Blades
  1310 | D:2      | Reached skill level 1 in Axes
  1310 | D:2      | Reached skill level 1 in Maces & Flails
  1310 | D:2      | Reached skill level 1 in Polearms
  1310 | D:2      | Reached skill level 1 in Staves
  1310 | D:2      | Reached skill level 1 in Ranged Weapons
  1310 | D:2      | Reached skill level 1 in Stealth
  1310 | D:2      | Reached skill level 1 in Unarmed Combat
  1310 | D:2      | Reached skill level 1 in Evocations
  1480 | D:2      | Reached XP level 4. HP: 32/32 MP: 8/8
  1598 | D:2      | Reached skill level 1 in Shapeshifting
  1637 | D:2      | Reached skill level 1 in Conjurations
  1637 | D:2      | Reached skill level 1 in Hexes
  1637 | D:2      | Reached skill level 1 in Summonings
  1637 | D:2      | Reached skill level 1 in Necromancy
  1637 | D:2      | Reached skill level 1 in Translocations
  1637 | D:2      | Reached skill level 1 in Transmutations
  1637 | D:2      | Reached skill level 1 in Fire Magic
  1637 | D:2      | Reached skill level 1 in Ice Magic
  1637 | D:2      | Reached skill level 1 in Air Magic
  1637 | D:2      | Reached skill level 1 in Earth Magic
  1637 | D:2      | Reached skill level 1 in Poison Magic
  1821 | D:2      | Upgraded the game from 0.31-a0-925-g0a390f2509 to
                  | 0.31-a0-931-g7b59d4eb97
  1929 | D:3      | Found an ornate altar of the Wu Jian Council.
  1986 | D:3      | Identified the +1 pair of gloves "Rurphoja" {rC+ Dex+2}
  2052 | D:3      | Reached XP level 5. HP: 34/37 MP: 9/9
  2096 | D:3      | Found a glowing drain.
  2112 | Sewer    | Entered a sewer
  2442 | Sewer    | Reached XP level 6. HP: 15/44 MP: 9/11
  2457 | Sewer    | Reached skill level 5 in Dodging
  2698 | D:3      | You fall into a shaft and drop 3 floors!
  2707 | D:6      | Noticed an ice beast
  2740 | D:5      | Entered Level 5 of the Dungeon
  3274 | D:5      | Reached XP level 7. HP: 43/50 MP: 12/12
  3716 | D:5      | Found a broken altar of Ashenzari.
  3938 | D:4      | Found a transporter.
  3942 | D:4      | Found Ypsosmuf's Distillery.
  3944 | D:4      | Found a transporter.
  4677 | D:1      | Bought a steaming whip for 135 gold pieces
  4677 | D:1      | Identified the +5 whip "Tegu Sel" {heavy, Int+5} (You
                  | bought it in a shop on level 1 of the Dungeon)
  4708 | D:1      | Bought a scroll of identify for 24 gold pieces
  4848 | D:4      | Noticed Edmund
  5089 | D:5      | Reached XP level 8. HP: 43/57 MP: 14/14
  5849 | D:4      | Bought a potion of heal wounds for 70 gold pieces
  6183 | D:4      | Killed Edmund
  6184 | D:4      | Reached skill level 11 in Shields
  6585 | D:6      | Found Caelushra's Tiny Tomes.
  6826 | D:6      | Reached XP level 9. HP: 24/65 MP: 16/16
  7136 | D:6      | Reached skill level 5 in Spellcasting
  7428 | D:6      | Reached skill level 5 in Throwing
  7428 | D:6      | Reached skill level 5 in Armour
  7739 | D:6      | Upgraded the game from 0.31-a0-931-g7b59d4eb97 to
                  | 0.31-a0-940-gdaa99269f9
  7856 | D:7      | Identified the +4 scale mail "Biymusua" {Str+4}
  7966 | D:7      | Found a staircase to the Ecumenical Temple.
  7975 | Temple   | Entered the Ecumenical Temple
  8578 | D:7      | Noticed a troll
  8592 | D:7      | Killed a troll
  8593 | D:7      | Reached skill level 5 in Invocations
  8810 | Temple   | Became a worshipper of Gozag Ym Sagoz the Greedy
  9780 | D:8      | Reached XP level 10. HP: 42/73 MP: 18/18
  9991 | D:8      | Reached skill level 5 in Fighting
  9991 | D:8      | Reached skill level 5 in Short Blades
  9991 | D:8      | Reached skill level 5 in Long Blades
  9991 | D:8      | Reached skill level 5 in Axes
  9991 | D:8      | Reached skill level 5 in Maces & Flails
  9991 | D:8      | Reached skill level 5 in Polearms
  9991 | D:8      | Reached skill level 5 in Staves
  9991 | D:8      | Reached skill level 5 in Ranged Weapons
  9991 | D:8      | Reached skill level 5 in Stealth
  9991 | D:8      | Reached skill level 5 in Unarmed Combat
  9991 | D:8      | Reached skill level 5 in Evocations
 10163 | D:8      | Paralysed by a hornet for 2 turns
 11256 | D:1      | Bought a bone flail for 153 gold pieces
 11256 | D:1      | Identified the +6 flail "Eviscerator" {speed, Str+2 Int+2}
                  | (You bought it in a shop on level 1 of the Dungeon)
 11352 | D:4      | Bought a potion of invisibility for 112 gold pieces
 11483 | D:9      | Noticed Maggie
 12194 | D:9      | Killed Maggie
 12314 | D:9      | Reached skill level 5 in Shapeshifting
 13226 | D:1      | Bought a book of Spatial Translocations for 216 gold pieces
 13229 | D:1      | Learned a level 2 spell: Blink
 13232 | D:1      | Learned a level 2 spell: Lesser Beckoning
 13393 | D:10     | Entered Level 10 of the Dungeon
 13535 | D:6      | Bought the Book of Austromancy for 112 gold pieces
 13539 | D:6      | Learned a level 3 spell: Swiftness
 14009 | D:10     | Killed an unseen horror
 14010 | D:10     | Reached skill level 12 in Shields
 14010 | D:10     | Reached XP level 11. HP: 41/81 MP: 19/21
 14262 | D:10     | Reached skill level 5 in Conjurations
 14262 | D:10     | Reached skill level 5 in Hexes
 14262 | D:10     | Reached skill level 5 in Summonings
 14262 | D:10     | Reached skill level 5 in Necromancy
 14262 | D:10     | Reached skill level 5 in Translocations
 14262 | D:10     | Reached skill level 5 in Transmutations
 14262 | D:10     | Reached skill level 5 in Fire Magic
 14262 | D:10     | Reached skill level 5 in Ice Magic
 14262 | D:10     | Reached skill level 5 in Air Magic
 14262 | D:10     | Reached skill level 5 in Earth Magic
 14262 | D:10     | Reached skill level 5 in Poison Magic
 14287 | D:10     | Found a staircase to the Orcish Mines.
 14541 | D:10     | Found a transporter.
 14541 | D:10     | Found a transporter.
 14541 | D:10     | Noticed a two-headed ogre
 14542 | D:10     | Noticed a boulder beetle
 15145 | D:10     | Killed a two-headed ogre
 15388 | D:11     | Noticed a boulder beetle
 15462 | D:11     | Killed a boulder beetle
 15474 | D:11     | Noticed a manticore
 15478 | D:11     | Killed a manticore
 15541 | D:11     | Found a staircase to the Lair.
 16312 | D:11     | Noticed Fannar
 16336 | D:11     | Killed Fannar
 16415 | D:11     | Noticed a cyclops
 16431 | D:11     | Killed a cyclops
 16622 | D:11     | Reached XP level 12. HP: 79/89 MP: 23/23
 17034 | D:4      | Bought a potion of enlightenment for 70 gold pieces
 17034 | D:4      | Bought a potion of ambrosia for 112 gold pieces
 17034 | D:4      | Bought a potion of heal wounds for 70 gold pieces
 17206 | Lair:1   | Entered Level 1 of the Lair of Beasts
 17629 | Lair:1   | Noticed a death yak
 17657 | Lair:1   | Killed a death yak
 17657 | Lair:1   | Noticed a death yak
 17682 | Lair:1   | Killed a death yak
 18228 | D:10     | Killed a boulder beetle
 18799 | Lair:2   | Found a staircase to the Swamp.
 19142 | Lair:2   | Noticed a skyshark
 19163 | Lair:2   | Killed a skyshark
 19257 | Lair:2   | Noticed Harold
 19293 | Lair:2   | Killed Harold
 19358 | Lair:2   | Reached skill level 13 in Shields
 19358 | Lair:2   | Reached XP level 13. HP: 89/98 MP: 25/25
 20643 | Lair:3   | Learned a level 3 spell: Frozen Ramparts
 20647 | Lair:3   | Learned a level 3 spell: Dazzling Flash
 20651 | Lair:3   | Learned a level 3 spell: Hailstorm
 20735 | Lair:3   | Found a hole to the Spider Nest.
 22455 | Lair:5   | Entered Level 5 of the Lair of Beasts
 22533 | Lair:5   | Found a staircase to the Slime Pits.
 22534 | Lair:5   | Found a viscous altar of Jiyva.
 22689 | Lair:5   | Reached skill level 10 in Dodging
 23285 | Lair:5   | Reached XP level 14. HP: 95/108 MP: 27/27
 23757 | Lair:5   | Noticed a dire elephant
 23969 | Lair:5   | Reached skill level 10 in Invocations
 24021 | Lair:5   | Killed a dire elephant
 24188 | Lair:5   | Found a burning altar of Makhleb.
 24476 | Lair:5   | Found a gateway to Hell.
 25177 | Lair:5   | Found a viscous altar of Jiyva.
 25178 | Lair:5   | Found a staircase to the Slime Pits.
 25269 | Lair:5   | Found a burning altar of Makhleb.
 25275 | Lair:5   | Found a gateway to Hell.
 25918 | D:10     | Upgraded the game from 0.31-a0-940-gdaa99269f9 to
                  | 0.31-a0-949-g57150269e1
 25920 | D:10     | Bought a shiny chain mail for 172 gold pieces
 25924 | Orc:1    | Entered Level 1 of the Orcish Mines
 25982 | Orc:2    | Entered Level 2 of the Orcish Mines
 26249 | Orc:2    | Noticed an orc warlord
 26658 | Orc:1    | Killed an orc warlord
 27384 | Orc:2    | Found Penkeeg's Jewellery Shop.
 27564 | Orc:2    | Noticed an orc warlord
 27589 | Orc:2    | Found a staircase to the Elven Halls.
 27753 | Orc:2    | Reached skill level 10 in Spellcasting
 27834 | Orc:2    | Killed an orc warlord
 28047 | Orc:2    | Noticed an orc warlord
 28058 | Orc:2    | Reached skill level 10 in Throwing
 28058 | Orc:2    | Reached skill level 10 in Armour
 28090 | Orc:2    | Killed an orc warlord
 28519 | Orc:2    | Found Onyduz's Distillery.
 28528 | Orc:2    | Bought a potion of resistance for 160 gold pieces
 28528 | Orc:2    | Bought a potion of might for 64 gold pieces
 28696 | Orc:2    | Found Oromae Himn's Antique Armour Emporium.
 28758 | Orc:2    | Found Geid's Antique Weapon Shoppe.
 28772 | Orc:2    | Bought a masterwork ring mail for 252 gold pieces
 28772 | Orc:2    | Identified the +5 ring mail of Atraerim {Harm Str+6 Dex-5}
                  | (You bought it in a shop on level 2 of the Orcish Mines)
 28772 | Orc:2    | Bought a fine chain mail for 266 gold pieces
 28772 | Orc:2    | Identified the +0 chain mail of Hariz {rN+} (You bought it
                  | in a shop on level 2 of the Orcish Mines)
 28812 | Orc:2    | Bought the ring of Johucvics {Contam rPois rF+ rCorr Dex+7}
                  | for 661 gold pieces
 28889 | Orc:1    | Found Dayn's Armour Boutique.
 29072 | Orc:1    | Paralysed by an orc sorcerer for 4 turns
 29082 | Orc:1    | Reached skill level 14 in Shields
 29166 | Orc:1    | Found Gugiarr's Antique Weapon Emporium.
 29168 | Orc:1    | Found Olimixtiesu's Book Shoppe.
 29261 | Orc:1    | Found Erausopt's Magic Scroll Shoppe.
 29264 | Orc:1    | Bought a scroll of revelation for 127 gold pieces
 29264 | Orc:1    | Bought a scroll of identify for 34 gold pieces
 29264 | Orc:1    | Bought a scroll of identify for 34 gold pieces
 29293 | Orc:1    | Noticed Erolcha
 29298 | Abyss:2  | Cast into level 2 of the Abyss (Erolcha)
 29324 | Abyss:2  | Noticed a tentacled starspawn
 29615 | Abyss:2  | Found a corrupted altar of Lugonu.
 29627 | Abyss:2  | Noticed a tentacled starspawn
 29764 | Abyss:2  | Found a corrupted altar of Lugonu.
 29773 | Abyss:2  | Found a corrupted altar of Lugonu.
 29774 | Abyss:2  | Noticed a cacodemon
 29787 | Abyss:2  | Noticed a tentacled starspawn
 29792 | Abyss:2  | Found a corrupted altar of Lugonu.
 29844 | Abyss:2  | Noticed a starcursed mass
 29898 | Abyss:2  | Noticed a starcursed mass
 30164 | Abyss:2  | Noticed a starcursed mass
 30189 | Abyss:2  | Reached XP level 15. HP: 76/115 MP: 23/23
 30251 | Abyss:2  | Found a corrupted altar of Lugonu.
 30269 | Abyss:2  | Found a corrupted altar of Lugonu.
 30278 | Abyss:2  | Found a corrupted altar of Lugonu.
 30283 | Abyss:2  | Found a corrupted altar of Lugonu.
 30481 | Abyss:2  | Reached skill level 10 in Fighting
 30481 | Abyss:2  | Reached skill level 10 in Short Blades
 30481 | Abyss:2  | Reached skill level 10 in Long Blades
 30481 | Abyss:2  | Reached skill level 10 in Axes
 30481 | Abyss:2  | Reached skill level 10 in Maces & Flails
 30481 | Abyss:2  | Reached skill level 10 in Polearms
 30481 | Abyss:2  | Reached skill level 10 in Staves
 30481 | Abyss:2  | Reached skill level 10 in Ranged Weapons
 30481 | Abyss:2  | Reached skill level 10 in Stealth
 30481 | Abyss:2  | Reached skill level 10 in Unarmed Combat
 30481 | Abyss:2  | Reached skill level 10 in Evocations
 30523 | Abyss:2  | Noticed a tentacled starspawn
 30537 | Abyss:2  | Killed a tentacled starspawn
 30556 | Orc:1    | Escaped the Abyss
 30564 | Orc:1    | Killed Erolcha
 30915 | Orc:1    | Bought a +2 helmet of intelligence for 258 gold pieces
 30953 | Orc:1    | Bought a book of Armaments for 612 gold pieces
 31047 | D:10     | Learned a level 3 spell: Stone Arrow
 31052 | D:10     | Learned a level 4 spell: Animate Armour
 31057 | D:10     | Learned a level 4 spell: Dispel Undead
 31249 | D:12     | Found a runed translucent gate.
 31249 | D:12     | Found a runed translucent gate.
 31249 | D:12     | Noticed an acid blob
 31249 | D:12     | Noticed an acid blob
 31251 | D:12     | Noticed an azure jelly
 31252 | D:12     | Noticed an azure jelly
 31253 | D:12     | Noticed an acid blob
 31253 | D:12     | Found a runed translucent gate.
 31253 | D:12     | Noticed an azure jelly
 31253 | D:12     | Noticed an azure jelly
 31253 | D:12     | Noticed a rockslime
 31253 | D:12     | Noticed an acid blob
 31254 | D:12     | Noticed math4jedi's ghost (journeyman MiFi)
 31254 | D:12     | Noticed an azure jelly
 31256 | D:12     | Noticed an azure jelly
 31260 | D:12     | Found a viscous altar of Jiyva.
 31933 | Orc:2    | Bought a +5 ring of evasion for 468 gold pieces
 32194 | D:13     | Found a runed translucent door.
 32210 | D:13     | Noticed a storm dragon
 32237 | D:13     | Found the +1 cloak of Starlight {*Dazzle EV+4 Stlth--}
 32617 | D:13     | Noticed Sonja
 32633 | D:13     | Killed Sonja
 32855 | D:13     | Upgraded the game from 0.31-a0-949-g57150269e1 to
                  | 0.31-a0-960-g0fca184906
 33643 | D:14     | Noticed Agnes
 33664 | Abyss:2  | Cast into level 2 of the Abyss (Agnes)
 33793 | Abyss:2  | Noticed a tentacled starspawn
 33795 | Abyss:2  | Noticed a profane servitor
 33812 | Abyss:3  | Noticed a tentacled starspawn
 33840 | Abyss:3  | HP: 4/116 [tentacled starspawn (28)]
 33856 | Abyss:3  | Killed a tentacled starspawn
 34704 | Abyss:3  | Found a corrupted altar of Lugonu.
 34782 | Abyss:3  | Found a corrupted altar of Lugonu.
 34920 | Abyss:3  | Gained mutation: You are frail. (-10% HP) [a neqoxec]
 34966 | D:14     | Escaped the Abyss
 34973 | D:14     | Killed Agnes
 35694 | D:14     | Reached XP level 16. HP: 74/111 MP: 13/31
 35794 | D:14     | Found a gate to the Vaults.
 36073 | D:14     | Found a glowing golden altar of the Shining One.
 36171 | D:14     | Learned a level 4 spell: Iskenderun's Mystic Blast
 36368 | D:15     | Entered Level 15 of the Dungeon
 36421 | D:15     | Reached skill level 10 in Shapeshifting
 36787 | D:15     | Found a staircase to the Depths.
 38034 | D:15     | Found Kifuemurr's Jewellery Boutique.
 38043 | D:15     | Bought a ring of willpower for 425 gold pieces
 38813 | D:13     | Killed a storm dragon
 38818 | D:13     | Reached skill level 15 in Shields
 38863 | D:13     | Identified the ring of the Six Jumping Seers {Ice *Slow
                  | rElec Int+3 Dex+3}
 39190 | Swamp:1  | Entered Level 1 of the Swamp
 40055 | Swamp:1  | Noticed Donald
 41676 | Swamp:2  | Reached XP level 17. HP: 108/117 MP: 32/32
 42432 | Swamp:2  | Learned a level 3 spell: Ozocubu's Armour
 42558 | Swamp:3  | Found the -2 hat of the Alchemist {rElec rPois rF+ rC+ rN+
                  | Will+ rMut rCorr}
 43280 | Swamp:4  | Entered Level 4 of the Swamp
 43970 | Swamp:4  | Reached skill level 10 in Conjurations
 43970 | Swamp:4  | Reached skill level 10 in Hexes
 43970 | Swamp:4  | Reached skill level 10 in Summonings
 43970 | Swamp:4  | Reached skill level 10 in Necromancy
 43970 | Swamp:4  | Reached skill level 10 in Translocations
 43970 | Swamp:4  | Reached skill level 10 in Transmutations
 43970 | Swamp:4  | Reached skill level 10 in Fire Magic
 43970 | Swamp:4  | Reached skill level 10 in Ice Magic
 43970 | Swamp:4  | Reached skill level 10 in Air Magic
 43970 | Swamp:4  | Reached skill level 10 in Earth Magic
 43970 | Swamp:4  | Reached skill level 10 in Poison Magic
 45359 | Swamp:4  | Noticed Kirke
 45373 | Swamp:4  | Killed Kirke
 45506 | Swamp:4  | Got a decaying rune of Zot
 45690 | Swamp:1  | Killed Donald
 45820 | Spider:1 | Entered Level 1 of the Spider Nest
 45850 | Lair:3   | Bought a scroll labelled XIUMNUVV WETECW for 37 gold pieces
 45851 | Lair:3   | Upgraded the game from 0.31-a0-960-g0fca184906 to
                  | 0.31-a0-963-ga325b2283a
 45857 | Lair:3   | Bought a glowing demon blade for 666 gold pieces
 46985 | Spider:1 | Reached XP level 18. HP: 126/126 MP: 34/34
 50438 | Spider:3 | Reached skill level 16 in Shields
 51947 | Spider:4 | Entered Level 4 of the Spider Nest
 54712 | Spider:4 | Reached XP level 19. HP: 114/134 MP: 1/36
 55960 | Spider:4 | Identified the +1 hat of a sewer {*Slow Slay+3 Stlth+}
 55974 | Spider:4 | Got a gossamer rune of Zot
 56257 | Vaults:1 | Entered Level 1 of the Vaults
 56794 | Lair:3   | Bought a scroll of enchant armour for 277 gold pieces
 56794 | Lair:3   | Bought a scroll of blinking for 277 gold pieces
 57020 | Vaults:1 | Mangled by a dire elephant

Illustrated notes

Levels and vault maps discovered:
D:1:      noname_arrival_rooms_in_the_neighbourhood, layout_rooms, serial_shops,
          nicolae_shop_stone, nicolae_shop_rolling_square, serial_forest,
          infiniplex_forest_straight_3, infiniplex_forest_clump_small,
          infiniplex_forest_straight_4, infiniplex_forest_end_3,
          infiniplex_forest_zigzag_1
D:2:      layout_loops_ring, basic_altar, minmay_pentomino_s4
D:3:      layout_loops_ring, nicolae_wu_jian_immortal_techniques,
          lightli_sewer_entry_pipes, minmay_stone_trees_small,
          minmay_misc_feat_more_columns
D:4:      layout_layer_cave, serial_shops, nicolae_shop_drivethru, uniq_edmund
D:5:      layout_loops_corners, mainiacjoe_overflow_six_doors_small
D:6:      layout_basic, nicolae_shop_i_like_small_books_too
D:7:      layout_basic, minmay_temple_entry_sparse_star
D:8:      layout_basic, serial_rivers, chequers_serial_rivers_small_3,
          chequers_serial_rivers_large_a, chequers_serial_rivers_small_b,
          chequers_serial_rivers_micro_d, kennysheep_decorative_pillar,
          roderic_serpentine_path, david_defended_altar_orc
D:9:      layout_cave_pods, ebering_dispersal_statue_hall,
          minmay_strange_pillars, uniq_maggie
D:10:     gammafunk_boulding_lane, layout_gridville, david_orc_3,
          grunt_ministairs_7
D:11:     layout_roguey, erik_lair_island, uniq_fannar
D:12:     layout_loops_ring, gammafunk_ghost_ooze
D:13:     layout_basic, minmay_st_funbox, uniq_sonja
D:14:     minmay_goldmine, layout_long_grid, david_vaults_2, tso_altar,
          uniq_agnes
D:15:     hangedman_depths_entry_civil_slaughter, layout_irregular_city,
          serial_shops, shop, roderic_roman_lattice
Temple:   mainiacjoe_temple_big_plus
Lair:1:   layout_cave_pods, chequers_serial_rivers_micro_e
Lair:2:   layout_concentric_octagons, swamp_mist_pool, guppyfry_lair_drakes,
          uniq_harold
Lair:3:   layout_long_grid, spider_nest_entry_a, serial_bayou_shore_b,
          grunt_megastairs_2
Lair:4:   layout_regular_city, lemuel_fruit_fields
Lair:5:   evil_forest, layout_regular_city, minmay_slime_entry_pillars,
          st_stairs_13
Swamp:1:  layout_basic_swamp, serial_swamp_ruin, evilmike_swamp_ruin_house_2,
          evilmike_swamp_ruin_house_5, swamp_pool1, uniq_donald
Swamp:2:  layout_falls_marsh, evilmike_swamp_ruin_wall, swamp_pool4,
          infiniplex_staircase_pool_2
Swamp:3:  layout_falls_marsh, nicolae_swamp_little_tower
Swamp:4:  swamp_vile, layout_basic_swamp, uniq_kirke
Spider:1: layout_spider_delve, nicolae_spider_rock_and_or_roll
Spider:2: layout_spider_delve
Spider:3: layout_spider_delve, guppyfry_spider_mini_2
Spider:4: grunt_spider_rune_circles, nicolae_spider_twisty_arc_passages
Orc:1:    layout_caves, serial_shops, shop, nicolae_shop_rolled_up, shop,
          nicolae_diamond_shop, uniq_erolcha
Orc:2:    grunt_orc_community_town_hall, layout_caves,
          grunt_orc_community_big_house_2, grunt_orc_community_big_house_1,
          grunt_orc_community_house_3, grunt_orc_community_house_3,
          grunt_orc_community_house_1, grunt_orc_community_house_3
Vaults:1: v_misc_31, nicolae_vaults_circle_grid_a, v_misc_26,
          vaults_room_grunt_arrival_checkpoint, nicolae_vaults_tetromino_Z_2,
          nicolae_vaults_little_squares_1, ontoclasm_vaults_ring_square,
          layout_vaults_omnigrid, serial_shops, shop, enter_trove_3

Skill      XL: |  1  2  3  4  5  6  7  8  9 10 11 12 13 14 15 16 17 18 19 |
---------------+----------------------------------------------------------+-----
Shields        | 11 12 13 14 15 16 | 16.4
Invocations    | 1 2 3 4 5 6 7 8 9 10 11 12 13 14 | 14.2
Fighting       | 1 2 3 4 5 6 8 9 10 11 12 13 | 13.1
Short Blades   | 1 2 3 4 5 6 8 9 10 11 12 13 | 13.1
Long Blades    | 1 2 3 4 5 6 8 9 10 11 12 13 | 13.1
Axes           | 1 2 3 4 5 6 8 9 10 11 12 13 | 13.1
Maces & Flails | 1 2 3 4 5 6 8 9 10 11 12 13 | 13.1
Polearms       | 1 2 3 4 5 6 8 9 10 11 12 13 | 13.1
Staves         | 1 2 3 4 5 6 8 9 10 11 12 13 | 13.1
Ranged Weapons | 1 2 3 4 5 6 8 9 10 11 12 13 | 13.1
Stealth        | 1 2 3 4 5 6 8 9 10 11 12 13 | 13.1
Unarmed Combat | 1 2 3 4 5 6 8 9 10 11 12 13 | 13.1
Evocations     | 1 2 3 4 5 6 8 9 10 11 12 13 | 13.1
Spellcasting   | 3 4 5 6 7 8 9 10 11 12 13 | 13.4
Shapeshifting  | 1 2 3 4 5 6 7 8 9 10 11 12 | 12.1
Conjurations   | 1 2 3 4 5 6 7 8 9 10 11 | 11.1
Hexes          | 1 2 3 4 5 6 7 8 9 10 11 | 11.1
Summonings     | 1 2 3 4 5 6 7 8 9 10 11 | 11.1
Necromancy     | 1 2 3 4 5 6 7 8 9 10 11 | 11.1
Translocations | 1 2 3 4 5 6 7 8 9 10 11 | 11.1
Transmutations | 1 2 3 4 5 6 7 8 9 10 11 | 11.1
Fire Magic     | 1 2 3 4 5 6 7 8 9 10 11 | 11.1
Ice Magic      | 1 2 3 4 5 6 7 8 9 10 11 | 11.1
Air Magic      | 1 2 3 4 5 6 7 8 9 10 11 | 11.1
Earth Magic    | 1 2 3 4 5 6 7 8 9 10 11 | 11.1
Poison Magic   | 1 2 3 4 5 6 7 8 9 10 11 | 11.1
Throwing       | 3 4 5 6 7 8 9 10 11 12 13 | 13.4
Armour         | 3 4 5 6 7 8 9 10 11 12 13 | 13.4
Dodging        | 5 6 7 8 9 10 11 12 13 | 13.8

Action                     |  1- 3 |  4- 6 |  7- 9 | 10-12 | 13-15 | 16-18 | 19-21 || total
---------------------------+-------+-------+-------+-------+-------+-------+-------++-------
  Melee: Short sword       |    85 |       |       |       |       |       |       ||    85
         Dagger            |    39 |   264 |    62 |    24 |       |       |       ||   389
         Bite              |    12 |    26 |    40 |   100 |   346 |   451 |    63 ||  1038
         Trident           |    17 |       |   369 |    32 |       |       |       ||   418
         Flail             |       |       |       |   741 |  1965 |  1304 |       ||  4010
         Demon blade       |       |       |       |       |       |   872 |   231 ||  1103
   Fire: Sling             |       |       |    17 |    11 |       |       |       ||    28
  Throw: Dart              |       |       |    12 |    42 |    35 |    37 |       ||   126
         Boomerang         |       |       |       |    19 |    11 |       |       ||    30
   Cast: Frozen Ramparts   |       |       |       |       |    42 |    37 |     4 ||    83
         Hailstorm         |       |       |       |       |     4 |     4 |       ||     8
         Dazzling Flash    |       |       |       |       |     2 |       |       ||     2
         Lesser Beckoning  |       |       |       |       |     1 |       |       ||     1
         Stone Arrow       |       |       |       |       |    11 |    83 |     3 ||    97
         Animate Armour    |       |       |       |       |     4 |     7 |       ||    11
         Dispel Undead     |       |       |       |       |     1 |    23 |       ||    24
         Swiftness         |       |       |       |       |       |     2 |     2 ||     4
         Ozocubu's Armour  |       |       |       |       |       |    21 |     7 ||    28
         Iskenderun's Myst |       |       |       |       |       |     1 |       ||     1
 Invoke: Call Merchant     |       |       |       |       |     2 |     2 |       ||     4
  Evoke: Wand              |       |       |       |    16 |       |    14 |     3 ||    33
         Condenser vane    |       |       |       |       |       |     1 |       ||     1
    Use: Scroll            |     1 |       |     8 |     6 |    13 |    16 |     3 ||    47
         Potion            |       |     5 |     1 |     3 |    10 |     6 |     1 ||    26
   Stab: Sleeping          |     2 |     3 |     1 |     3 |    15 |     8 |     1 ||    33
         Distracted        |     1 |       |       |     7 |    19 |    12 |       ||    39
         Invisible         |       |       |       |       |     6 |   114 |     7 ||   127
         Petrified         |       |       |       |       |     1 |    19 |       ||    20
         Petrifying        |       |       |       |       |       |     2 |       ||     2
         Paralysed         |       |       |       |       |       |     4 |       ||     4
 Armour: Robe              |    68 |    83 |     2 |       |       |       |       ||   153
         Scale mail        |       |       |   242 |   355 |   683 |   729 |   105 ||  2114
  Dodge: Dodged            |    73 |   135 |   192 |   246 |   659 |  1369 |   138 ||  2812
         Repelled          |       |       |       |       |     8 |       |       ||     8
  Block: Buckler           |    82 |   154 |   111 |       |       |       |       ||   347
         Kite shield       |       |       |   143 |   455 |  1189 |  1595 |   108 ||  3490
         Tower shield      |       |       |       |       |       |       |   129 ||   129

Table legend: (Time is in decaauts)
 A = Elapsed time spent in this place.
 B = Non-inter-level travel time spent in this place.
 C = Inter-level travel time spent in this place.
 D = Time resting spent in this place.
 E = Time spent auto-exploring this place.
 F = Levels seen in this place.
 G = Mean time per level.
                   A        B        C        D        E       F      G
               +--------+--------+--------+--------+--------+-----+--------+
         Total |  55978 |  51317 |   4661 |  15668 |  21407 |  36 | 1554.9 |
       Dungeon |  23850 |  20743 |   3107 |   4728 |  10723 |  15 | 1590.0 |
        Temple |    127 |      6 |    121 |      0 |      0 |   1 |  127.0 |
          Lair |   8803 |   8067 |    736 |    840 |   5511 |   5 | 1760.6 |
         Swamp |   6359 |   6179 |    180 |   1985 |   2373 |   4 | 1589.8 |
   Spider Nest |   9655 |   9379 |    276 |   5383 |   1474 |   4 | 2413.8 |
  Orcish Mines |   3706 |   3483 |    223 |   1448 |   1008 |   2 | 1853.0 |
        Vaults |    496 |    481 |     15 |     12 |    221 |   1 |  496.0 |
         Abyss |   2397 |   2397 |      0 |   1125 |     91 |   3 |  799.0 |
         Sewer |    581 |    581 |      0 |    146 |      5 |   1 |  581.0 |
               +--------+--------+--------+--------+--------+-----+--------+

Top non-repeatable levels by time:
Spider:3: 3327 daAuts
  Lair:5: 3266 daAuts
    D:14: 2628 daAuts
     D:8: 2452 daAuts
Spider:1: 2145 daAuts
Spider:4: 2133 daAuts
     D:5: 2101 daAuts
   Orc:2: 2062 daAuts
Spider:2: 2049 daAuts
    D:11: 1882 daAuts
    D:10: 1868 daAuts
 Swamp:4: 1830 daAuts
 Swamp:2: 1804 daAuts
   Orc:1: 1643 daAuts
     D:6: 1639 daAuts
